 Dungeon Crawl Stone Soup version 0.20-a0-622-g01f5896 (webtiles) character file.

6995 Alarkh the Fighter (level 10, -7/81 HPs)
             Began as a Mummy Necromancer on Feb 9, 2017.
             Was an Initiate of Gozag.
             Mangled by a red ugly thing (31 damage)
             ... on level 10 of the Dungeon.
             The game lasted 00:15:20 (8532 turns).

Alarkh the Fighter (Mummy Necromancer)              Turns: 8532, Time: 00:15:21

Health: -7/81      AC: 13    Str:  6    XL:     10   Next: 82%
Magic:  0/20       EV: 13    Int: 18    God:    Gozag
Gold:   801        SH:  0    Dex: 19    Spells: 15/23 levels left

rFire    x . .     SeeInvis .   a - +0 long sword (slice)
rCold    + + .     Gourm    .   u - +3 ring mail of the Hills {rPois rC+ Str-5 Dex+6}
rNeg     + + +     Faith    .   (no shield)
rPois    ∞         Spirit   .   k - +0 helmet
rElec    .         Reflect  .   z - +2 cloak
rCorr    +         Harm     .   (no gloves)
MR       +....                  s - +0 pair of boots (curse)
Stlth    +.........             (no amulet)
Regen    0.3/turn               (no ring)
                                r - ring of resist corrosion

@: very slightly contaminated
A: no food or potions, fire vulnerability, cold resistance 1, negative energy
resistance 3, torment resistance, unbreathing
a: Potion Petition, Call Merchant, Bribe Branch, Renounce Religion


You were on level 10 of the Dungeon.
You worshipped Gozag.
Gozag was pleased with you.
You were not hungry.

You visited 2 branches of the dungeon, and saw 11 of its levels.

You collected 931 gold pieces.
You paid 130 gold pieces to Gozag.

Inventory:

Hand Weapons
 a - a +0 long sword of slicing (weapon)
 b - a +0 trident of venom
 h - a +0 halberd
 v - a +3 flail of draining
 x - a +2 falchion of holy wrath
Missiles
 d - 7 javelins (quivered)
Armour
 k - a +0 helmet (worn)
 m - a +0 robe
 s - a cursed +0 pair of boots (worn)
 u - the +3 ring mail of the Hills (worn) {rPois rC+ Str-5 Dex+6}
   (You found it on level 6 of the Dungeon)

   It affects your strength (-5).
   It affects your dexterity (+6).
   It protects you from cold.
   It protects you from poison.
 z - a +2 cloak (worn)
Jewellery
 r - a ring of resist corrosion (left hand)
Wands
 t - a wand of iceblast (0/15)
Scrolls
 c - 6 scrolls of remove curse
 e - a scroll of identify
 f - 5 scrolls of teleportation
 g - a scroll of blinking
 i - 2 scrolls of recharging
 j - 2 scrolls of magic mapping
 l - 2 scrolls of enchant weapon {unknown}
 n - 2 scrolls of enchant armour
 p - 2 scrolls of amnesia {unknown}
 q - a scroll of acquirement {unknown}
 w - a scroll of fog {unknown}
Books
 o - a book of Necromancy

   Spells                             Type                      Level
   a - Pain                           Necromancy                   1
   b - Animate Skeleton               Necromancy                   1
   c - Vampiric Draining              Necromancy                   3
   d - Regeneration                   Charms/Necromancy            3
   e - Animate Dead                   Necromancy                   4
   f - Control Undead                 Necromancy                   4
 y - a book of Misfortune

   Spells                             Type                      Level
   a - Confusing Touch                Hexes                        1
   b - Confuse                        Hexes                        3
   c - Gell's Gravitas                Hexes/Translocation          3
   d - Petrify                        Transmutation/Earth          4
   e - Metabolic Englaciation         Hexes/Ice                    5
   f - Yara's Violent Unravelling     Hexes/Transmutation          5
 A - a book of Maledictions

   Spells                             Type                      Level
   a - Corona                         Hexes                        1
   b - Ensorcelled Hibernation        Hexes/Ice                    2
   c - Confuse                        Hexes                        3
   d - Tukima's Dance                 Hexes                        3
   e - Dazzling Spray                 Conjuration/Hexes            3


   Skills:
 - Level 8.3 Fighting
 + Level 7.3 Long Blades
 - Level 6.9 Dodging
 - Level 1.5 Stealth
 - Level 7.3 Spellcasting
 - Level 7.1 Necromancy


You had 15 spell levels left.
You knew the following spells:

 Your Spells              Type           Power        Failure   Level  Hunger
a - Vampiric Draining     Necr           ####......   8%          3    N/A
c - Control Undead        Necr           ####......   21%         4    N/A
e - Pain                  Necr           ####         1%          1    N/A

Dungeon Overview and Level Annotations

Branches:
Dungeon (10/15)            Temple (1/1) D:7            Lair (0/6) D:10
    Orc: D:9-12

Altars:
Ashenzari
Cheibriados
Dithmenos
Elyvilon
Fedhas
Gozag
Hepliaklqana
Kikubaaqudgha
Makhleb
Nemelex Xobeh
Okawaru
Qazlal
Ru
Sif Muna
Trog
Uskayaw
Vehumet
Xom
Yredelemnul
Zin
The Shining One

Annotations:
D:9 Gastronok


Innate Abilities, Weirdness & Mutations

You do not eat or drink.
Your flesh is vulnerable to fire.
You are immune to poison.
Your flesh is cold resistant. (rC+)
You are immune to negative energy. (rN+++)
You are immune to unholy pain and torment.
You can survive without breathing.


Message History

Aim: a red ugly thing (severely wounded)
You miscast Vampiric Draining.
Strange energies run through your body.
The red ugly thing kicks you but does no damage.
Casting: Vampiric Draining
Confirm with . or Enter, or press ? or * to list all spells.
Aiming: Vampiric Draining
Press: ? - help, Shift-Dir - straight line, f/p - red ugly thing
Aim: a red ugly thing (severely wounded)
The red ugly thing is almost dead.
You feel life coursing into your body. The red ugly thing closely misses you.
Casting: Vampiric Draining
Confirm with . or Enter, or press ? or * to list all spells.
Aiming: Pain
Press: ? - help, Shift-Dir - straight line, f/p - red ugly thing
Aim: a red ugly thing (almost dead, chance to defeat MR: 71%)
The red ugly thing writhes in agony!
The red ugly thing kicks you.
* * * LOW HITPOINT WARNING * * *
You are engulfed in flames!!
The fire burns you terribly!
You die...
Your body crumbles into a pile of gold.

..##....##.##......#
...#....##.##......#
...#.##..#.##......#
.......).#.##......#
...........##......#
.....####..##......#
.....'....(........#
.....#.....######'##
...###.##.>.....@.#
...# #.#.......u###
..## # #........#
.## #........#
######+#).......#
................#
................#
..........#######
..........#


You could see a red ugly thing.

Vanquished Creatures
  2 two-headed ogres
  A deep elf mage (D:6)
  The ghost of inmateoo the Cudgeler, a novice VSFi of Okawaru (D:6)
  A yak (D:7)
  A human (D:7)
  3 hogs
  A hungry ghost (D:10)
  Edmund (D:5)
  A water moccasin (D:8)
  3 ice beasts
  5 orc warriors
  A phantom (D:8)
  6 ogres
  3 centaurs
  A big kobold (D:9)
  A bullfrog (D:8)
  10 killer bees
  6 crimson imps
  3 howler monkeys
  3 hounds
  6 orc priests
  5 jellies
  4 bullfrog skeletons
  11 orc wizards
  A centaur skeleton (D:4)
  2 iguanas
  5 worker ants
  Robin (D:3)
  8 adders
  11 gnolls
  A shadow imp (D:5)
  2 adder skeletons
  3 worms
  3 dart slugs
  4 leopard geckos
  30 orcs
  4 giant cockroaches
  13 goblins
  6 hobgoblins
  5 jackals
  15 kobolds
  4 quokkas
  A ball python (D:4)
  8 bats
  7 frilled lizards
  2 leopard gecko skeletons
  A leopard gecko zombie (D:8)
  A quokka skeleton (D:4)
  12 rats
230 creatures vanquished.

Notes
Turn   | Place    | Note
-------+----------+-------------------------------------------
     0 | D:1      | Alarkh the Mummy Necromancer began the quest for the Orb.
     0 | D:1      | Reached XP level 1. HP: 13/13 MP: 4/4
   217 | D:1      | Reached XP level 2. HP: 6/19 MP: 0/6
  1289 | D:2      | Reached XP level 3. HP: 24/24 MP: 7/7
  1702 | D:2      | Reached XP level 4. HP: 28/30 MP: 1/10
  2036 | D:3      | Reached skill level 5 in Necromancy
  2153 | D:3      | Learned a level 3 spell: Vampiric Draining
  2158 | D:3      | Learned a level 4 spell: Control Undead
  2159 | D:3      | Found a white marble altar of Elyvilon.
  2159 | D:3      | Found a snail-covered altar of Cheibriados.
  2166 | D:3      | Found a radiant altar of Vehumet.
  2166 | D:3      | Found a stormy altar of Qazlal.
  2180 | D:3      | Found a deep blue altar of Sif Muna.
  2220 | D:3      | Noticed Robin
  2410 | D:4      | Found a blossoming altar of Fedhas.
  2416 | D:4      | Reached XP level 5. HP: 35/35 MP: 6/12
  2623 | D:3      | Reached skill level 5 in Spellcasting
  2894 | D:3      | Killed Robin
  3044 | D:4      | Reached XP level 6. HP: 36/41 MP: 14/14
  3628 | D:4      | Reached XP level 7. HP: 45/46 MP: 4/16
  3782 | D:5      | Entered Level 5 of the Dungeon
  3972 | D:5      | Reached skill level 1 in Fighting
  4174 | D:5      | Noticed Edmund
  4181 | D:5      | Killed Edmund
  4181 | D:5      | Reached skill level 2 in Fighting
  4456 | D:6      | Noticed inmateoo's ghost (novice VSFi)
  4526 | D:6      | Reached skill level 3 in Fighting
  4526 | D:6      | Reached XP level 8. HP: 57/58 MP: 9/18
  4595 | D:6      | Reached skill level 4 in Fighting
  4858 | D:6      | Killed inmateoo's ghost
  4858 | D:6      | Reached skill level 5 in Fighting
  5110 | D:6      | Got an ancient ring mail
  5121 | D:6      | Identified the +3 ring mail of the Hills {rPois rC+ Str-5 Dex+6} (You found it on level 6 of the Dungeon)
  5166 | D:6      | Noticed a deep elf mage
  5185 | D:6      | Killed a deep elf mage
  5185 | D:6      | Reached skill level 6 in Fighting
  5185 | D:6      | Reached skill level 5 in Dodging
  5185 | D:6      | Reached XP level 9. HP: 66/70 MP: 5/19
  5590 | D:6      | Reached skill level 7 in Fighting
  5994 | D:7      | Found a staircase to the Ecumenical Temple.
  6011 | Temple   | Entered the Ecumenical Temple
  6324 | D:7      | Reached skill level 8 in Fighting
  7012 | D:8      | Found an opulent altar of Gozag.
  7150 | D:8      | Became a worshipper of Gozag Ym Sagoz the Greedy
  7212 | D:8      | Reached skill level 1 in Long Blades
  7269 | D:8      | Reached XP level 10. HP: 81/81 MP: 14/20
  7364 | D:8      | Found an iron altar of Okawaru.
  7367 | D:8      | Found a bloodstained altar of Trog.
  7380 | D:8      | Found a sacrificial altar of Ru.
  7383 | D:8      | Found a burning altar of Makhleb.
  7749 | D:8      | Noticed a two-headed ogre
  7758 | D:8      | Killed a two-headed ogre
  7797 | D:8      | Reached skill level 5 in Long Blades
  7951 | D:9      | Noticed Gastronok
  8007 | D:10     | Entered Level 10 of the Dungeon
  8035 | D:10     | Found a stormy altar of Qazlal.
  8318 | D:10     | Found a staircase to the Lair.
  8338 | D:10     | Noticed a two-headed ogre
  8351 | D:10     | Killed a two-headed ogre
  8516 | D:10     | Noticed a red ugly thing
  8532 | D:10     | Mangled by a red ugly thing

Vault maps used:
D:1:      dpeg_arrival_subterranean_lakeside_camping
D:3:      grunt_temple_overflow_open, kennysheep_minor_cross,
          minmay_fountain_box, uniq_robin
D:4:      fedhas_altar_1, first_bread
D:5:      uniq_edmund
D:6:      guppyfry_early_elven_hall
D:7:      temple_pool_b, grunt_livestock
D:8:      grunt_temple_overflow_cloverleaf, grunt_gozag_breadcrumbs
D:9:      minivault_25, uniq_gastronok
D:10:     erik_lair_orcish_takeover, grunt_qazlal_sundering, uniq_grum
Temple:   cyrus_temple_forest

Skill      XL: |  1  2  3  4  5  6  7  8  9 10 |
---------------+-------------------------------+-----
Spellcasting   | 3 4 5 6 7 |  7.3
Necromancy     | 5 6 7 |  7.1
Fighting       | 3 6 8 |  8.3
Dodging        | 2 5 6 |  6.9
Long Blades    | 1 7 |  7.3
Stealth        | |  1.5

Action                   |  1- 3 |  4- 6 |  7- 9 | 10-12 || total
-------------------------+-------+-------+-------+-------++-------
Melee: Unarmed           |    32 |     7 |       |       ||    39
       Halberd           |       |    31 |    65 |       ||    96
       Flail             |       |       |   152 |       ||   152
       Trident           |       |       |    16 |       ||    16
       Long sword        |       |       |    36 |   249 ||   285
Throw: Javelin           |     7 |    15 |       |       ||    22
 Cast: Pain              |    78 |   126 |    73 |    13 ||   290
       Vampiric Draining |       |     3 |    42 |    54 ||    99
       Control Undead    |       |       |     3 |       ||     3
Evoke: Wand              |       |       |     3 |       ||     3
  Use: Scroll            |       |     5 |     5 |     2 ||    12
 Stab: Sleeping          |       |     1 |     2 |       ||     3
       Distracted        |       |       |       |     2 ||     2
Armor: Robe              |    22 |    15 |    32 |       ||    69
       Ring mail         |       |       |    98 |   182 ||   280
Dodge: Dodged            |    46 |    52 |   241 |   304 ||   643
       Rpst.: Long sword |       |       |     8 |    88 ||    96
